 Dungeon Crawl Stone Soup version 0.31.0-9-g3a7656b989 (webtiles) character file.

Game seed: 3757033612275619802

2634 qw the Nimble (level 9, -2/45 HPs)
             Began as a Spriggan Hunter on Feb 2, 2024.
             Engulfed by a cloud of steam (6 damage)
             ... on level 6 of the Dungeon.
             The game lasted 00:00:26 (5017 turns).

qw the Nimble (Spriggan Hunter)                     Turns: 5017, Time: 00:00:26

Health: -2/45      AC:  9    Str:  7    XL:     9   Next: 35%
Magic:  10/10      EV: 27    Int: 11    God:
Gold:   415        SH:  0    Dex: 22    Spells: 8/8 levels left

rFire   . . .        a - +1 shortbow
rCold   . . .        (shield currently unavailable)
rNeg    . . .        c - +0 robe
rPois   .            (helmet restricted)
rElec   .            i - +2 cloak
rCorr   +            (gloves unavailable)
SInv    +            (boots unavailable)
Will    +....        (no amulet)
Stlth   ++           g - ring of resist corrosion
HPRegen 0.27/turn    d - +4 ring of protection
MPRegen 0.12/turn

%: no passive effects
@: very quick
A: very small, no large weapons, unfitting armour, see invisible, speed 3
a: no special abilities


You were on level 6 of the Dungeon.
You visited 2 branches of the dungeon, and saw 7 of its levels.

You collected 415 gold pieces.


Innate Abilities, Weirdness & Mutations

You are very small and have problems with some larger weapons.
You are too small for most types of armour.
You have supernaturally acute eyesight. (SInv)
You cover ground extremely quickly. (Speed+++)


   Skills:
 - Level 4.0 Fighting
 - Level 10.0 Ranged Weapons
 + Level 10.5 Dodging
 - Level 1.5 Stealth


You had 8 spell levels left.
You didn't know any spells.
Your spell library was empty.

Inventory:

Hand Weapons
 a - a +1 shortbow (weapon)
Armour
 c - a +0 robe (worn)
 i - a +2 cloak (worn)
Jewellery
 b - a ring of fire
 d - a +4 ring of protection (right hand)
 g - a ring of resist corrosion (left hand)
 j - a ring of fire
Wands
 h - a wand of acid (10)
Scrolls
 e - a scroll of poison {unknown}
Potions
 f - a potion of curing

Dungeon Overview and Level Annotations

Branches:
Dungeon (6/15)             Temple (1/1) D:6

Altars:
Ashenzari
Cheibriados
Dithmenos
Fedhas
Gozag
Hepliaklqana
Kikubaaqudgha
Nemelex Xobeh
Ru
Sif Muna
Uskayaw
Vehumet
Xom
Yredelemnul
Zin
The Shining One

Shops:
D:4 :

Annotations:
D:5 2 runed translucent doors, qw's ghost, novice GrHu


Message History

You shoot an arrow. The arrow hits the steam dragon.
The steam dragon is heavily wounded.
The steam dragon closely misses you. x2
A two-headed ogre comes into view. It is wielding two +0 giant clubs.
5010 ||| ZAPPING wand of acid (11) at -5,-5 (two-headed ogre; shallow_water).
Aiming: Corrosive Bolt
Press: ? - help, Q - select action, (/) - cycle Shift-Dir - straight line, f - two-headed ogre, p - steam dragon The bolt of acid hits the steam dragon!
The acid corrodes the steam dragon!
The steam dragon is almost dead.
The bolt of acid hits the two-headed ogre!
The acid corrodes the two-headed ogre!
The two-headed ogre is lightly wounded.
An iguana comes into view.
The steam dragon completely misses you. x2
Enter note:
Enter note:
Enter note:
Enter note:
Enter note:
Enter note:
5011 ||| RETREEEEATING.
Enter note:
Enter note:
Enter note:
5012 ||| RETREEEEATING.
5013 ||| FLEEEEING.
You start resting.
A steam dragon is nearby!
You shoot an arrow.
The arrow closely misses the steam dragon.
The steam dragon breathes steam at you. The ball of steam hits you!
You shoot an arrow.
The arrow closely misses the steam dragon.
You are engulfed in a cloud of scalding steam.
You shoot an arrow. The arrow hits the steam dragon!
You kill the steam dragon!
The steam dragon scales are intact enough to wear.
You are engulfed in a cloud of scalding steam.
You die...

~~~ 7~7# #.##.##.
~~77... #######.......
7%#..# .#.......##.###
77#O.l###.#.#####.##.#
7.........#.##.......#
#......<# #.##.##.####
#.....# #.......#
##...########.####
##..ยค@.......#
#############


There were no monsters in sight!

Vanquished Creatures
  Prince Ribbit (D:5)
  Sigmund (D:4)
  Eustachio (D:5)
  A steam dragon (D:6)
  Edmund (D:5)
  A water moccasin (D:6)
  An ice beast (D:6)
  3 black bears
  2 ogres (D:5)
  A centaur (D:6)
  2 phantoms
  A kobold brigand (D:6)
  3 scorpions
  4 wights (D:6)
  5 killer bees (D:5)
  An electric eel (D:6)
  A jelly (D:6)
  A bombardier beetle (D:4)
  2 hounds (D:5)
  An iguana (D:6)
  6 orc wizards (D:4)
  12 adders
  A white imp (D:5)
  An ufetubus (D:6)
  A ribbon worm (D:2)
  16 orcs
  5 ball pythons
  3 endoplasms
  3 giant cockroaches
  A goblin (D:1)
  5 hobgoblins
  9 kobolds
  5 quokkas
  3 bats
  4 frilled lizards
  4 rats
113 creatures vanquished.

Notes
Turn   | Place    | Note
-------+----------+-------------------------------------------
     0 | D:1      | qw the Spriggan Hunter began the quest for the Orb.
     0 | D:1      | Reached XP level 1. HP: 10/10 MP: 2/2
     0 | D:1      | 0 ||| qw: Version: 0.3-a-155-g5e7d8dd
     0 | D:1      | 0 ||| qw: Game counter: 1978
     0 | D:1      | 0 ||| qw: Melee chars always use a shield: true
     0 | D:1      | 0 ||| qw: God list: Okawaru
     0 | D:1      | 0 ||| qw: Allow faded altars: false
     0 | D:1      | 0 ||| qw: Do Orc after clearing Dungeon:15 true
     0 | D:1      | 0 ||| qw: Do second Lair branch before Depths: true
     0 | D:1      | 0 ||| qw: Lair rune preference: random
     0 | D:1      | 0 ||| qw: Goals: Normal
     0 | D:1      | 0 ||| PLANNING D:1-11
    41 | D:1      | Reached skill level 3 in Dodging
   128 | D:1      | Reached XP level 2. HP: 14/14 MP: 3/3
   651 | D:1      | 651 ||| UPGRADING to +1 cloak.
   656 | D:1      | 656 ||| READING scroll labelled MOEFOL WOSSEFO.
   656 | D:1      | 656 ||| IDENTIFYING sedimented green potion
   657 | D:1      | 657 ||| DRINKING 2 orange potions.
   658 | D:1      | 658 ||| DROPPING scroll of butterflies.
   659 | D:1      | 659 ||| DROPPING potion of degeneration.
   660 | D:1      | 660 ||| DROPPING potion of brilliance.
   790 | D:2      | 790 ||| RETREEEEATING.
   793 | D:2      | Reached XP level 3. HP: 18/18 MP: 4/4
   799 | D:2      | 799 ||| FLEEEEING.
   800 | D:2      | 800 ||| FLEEEEING.
   801 | D:2      | 801 ||| FLEEEEING.
  1168 | D:2      | 1168 ||| READING scroll of identify.
  1168 | D:2      | 1168 ||| IDENTIFYING green potion
  1169 | D:2      | 1169 ||| READING scroll labelled ZEIMIQERIO.
  1174 | D:2      | 1174 ||| READING scroll labelled OFRAKOIQOE.
  1275 | D:2      | 1275 ||| READING scroll labelled UMEIPU JYOGG.
  1276 | D:2      | 1276 ||| READING scroll labelled HEUCA JIOZU.
  1276 | D:2      | 1276 ||| ENCHANTING +1 cloak.
  1277 | D:2      | 1277 ||| DRINKING 2 smoky silvery potions.
  1278 | D:2      | 1278 ||| DROPPING potion of lignification.
  1411 | D:3      | Reached XP level 4. HP: 22/22 MP: 5/5
  1610 | D:3      | 1610 ||| FLEEEEING.
  1974 | D:3      | 1974 ||| UPGRADING to ring of resist corrosion.
  1975 | D:3      | 1975 ||| READING 4 scrolls of identify.
  1975 | D:3      | 1975 ||| IDENTIFYING fuming purple potion
  1976 | D:3      | 1976 ||| READING 3 scrolls of identify.
  1976 | D:3      | 1976 ||| IDENTIFYING scroll labelled VAUG UCHA IHI
  1977 | D:3      | 1977 ||| READING 2 scrolls of identify.
  1977 | D:3      | 1977 ||| IDENTIFYING scroll labelled HOUWKOO DAEF
  1978 | D:3      | 1978 ||| READING scroll of identify.
  1978 | D:3      | 1978 ||| IDENTIFYING scroll labelled JAUMMA CEKHLI
  1979 | D:3      | 1979 ||| READING scroll of enchant weapon.
  1979 | D:3      | 1979 ||| ENCHANTING +0 shortbow.
  1980 | D:3      | 1980 ||| DROPPING scroll of silence.
  1981 | D:3      | 1981 ||| DROPPING scroll of fog.
  1982 | D:3      | 1982 ||| DROPPING potion of berserk rage.
  2088 | D:4      | Found Hiyvoroti's Self-Published Books.
  2121 | D:4      | Noticed a black bear
  2131 | D:4      | Killed a black bear
  2132 | D:4      | Reached XP level 5. HP: 17/28 MP: 6/6
  2197 | D:4      | Found a snail-covered altar of Cheibriados.
  2219 | D:4      | Reached XP level 6. HP: 16/32 MP: 7/7
  2387 | D:4      | Found a shimmering blue altar of Sif Muna.
  2434 | D:4      | Found an ancient bone altar of Kikubaaqudgha.
  2445 | D:4      | Reached skill level 6 in Ranged Weapons
  2450 | D:4      | Found a radiant altar of Vehumet.
  2467 | D:4      | Reached skill level 6 in Dodging
  2524 | D:4      | Noticed Sigmund
  2532 | D:4      | Killed Sigmund
  2533 | D:4      | Reached XP level 7. HP: 21/35 MP: 8/8
  2556 | D:4      | 2556 ||| FLEEEEING.
  2567 | D:4      | 2567 ||| FLEEEEING.
  2568 | D:4      | 2568 ||| FLEEEEING.
  2569 | D:4      | 2569 ||| FLEEEEING.
  2570 | D:4      | 2570 ||| FLEEEEING.
  2627 | D:4      | Found a broken altar of Ashenzari.
  2628 | D:4      | Found a shimmering altar of Xom.
  2629 | D:4      | Found a basalt altar of Yredelemnul.
  2711 | D:4      | Found a hide-covered altar of Uskayaw.
  2823 | D:4      | 2823 ||| FLEEEEING.
  3040 | D:4      | 3040 ||| READING 2 scrolls of identify.
  3040 | D:4      | 3040 ||| IDENTIFYING metallic amethyst potion
  3041 | D:4      | 3041 ||| READING scroll of identify.
  3041 | D:4      | 3041 ||| IDENTIFYING fuming silvery potion
  3042 | D:4      | 3042 ||| READING 3 scrolls labelled LYMPIO UPIXEQ.
  3043 | D:4      | 3043 ||| READING scroll labelled YSTRIO REONOERUDI.
  3044 | D:4      | 3044 ||| READING scroll labelled BOIWOT HEADGHE.
  3045 | D:4      | 3045 ||| DROPPING 2 scrolls of revelation.
  3046 | D:4      | 3046 ||| DROPPING potion of attraction.
  3063 | D:5      | Entered Level 5 of the Dungeon
  3256 | D:5      | Found an opulent altar of Gozag.
  3435 | D:5      | Reached skill level 3 in Fighting
  3444 | D:5      | Reached XP level 8. HP: 38/40 MP: 9/9
  3553 | D:5      | Noticed Prince Ribbit
  3560 | D:5      | Killed Prince Ribbit
  3653 | D:5      | Noticed Edmund
  3668 | D:5      | HP: 4/40 [Edmund/+2 heavy flail (8)]
  3669 | D:5      | 3669 ||| DRINKING potion of heal wounds.
  3671 | D:5      | Killed Edmund
  3746 | D:5      | Noticed Eustachio
  3768 | D:5      | Killed Eustachio
  3769 | D:5      | Reached skill level 9 in Ranged Weapons
  3873 | D:5      | Found a runed translucent door.
  3902 | D:5      | Reached skill level 9 in Dodging
  4041 | D:5      | Found a runed translucent door.
  4049 | D:5      | Noticed qw's ghost (novice GrHu)
  4271 | D:6      | 4271 ||| RETREEEEATING.
  4274 | D:6      | 4274 ||| FLEEEEING.
  4277 | D:6      | 4277 ||| FLEEEEING.
  4278 | D:6      | 4278 ||| FLEEEEING.
  4279 | D:6      | 4279 ||| FLEEEEING.
  4280 | D:6      | 4280 ||| FLEEEEING.
  4281 | D:6      | 4281 ||| FLEEEEING.
  4284 | D:6      | 4284 ||| FLEEEEING.
  4285 | D:6      | 4285 ||| FLEEEEING.
  4287 | D:6      | 4287 ||| FLEEEEING.
  4289 | D:6      | 4289 ||| FLEEEEING.
  4290 | D:6      | 4290 ||| FLEEEEING.
  4292 | D:6      | 4292 ||| FLEEEEING.
  4293 | D:6      | 4293 ||| FLEEEEING.
  4294 | D:6      | 4294 ||| FLEEEEING.
  4295 | D:6      | 4295 ||| STAIRDANCE
  4313 | D:6      | Reached XP level 9. HP: 38/43 MP: 10/10
  4350 | D:6      | 4350 ||| FLEEEEING.
  4355 | D:6      | 4355 ||| FLEEEEING.
  4356 | D:6      | 4356 ||| FLEEEEING.
  4357 | D:6      | 4357 ||| FLEEEEING.
  4358 | D:6      | 4358 ||| FLEEEEING.
  4359 | D:6      | 4359 ||| FLEEEEING.
  4360 | D:6      | 4360 ||| STAIRDANCE
  4385 | D:6      | 4385 ||| STAIRDANCE
  4428 | D:6      | 4428 ||| FLEEEEING.
  4429 | D:6      | 4429 ||| FLEEEEING.
  4430 | D:6      | 4430 ||| FLEEEEING.
  4431 | D:6      | 4431 ||| FLEEEEING.
  4529 | D:6      | 4529 ||| Stepping ~*~*~tactically~*~*~ (cloud).
  4530 | D:6      | 4530 ||| Stepping ~*~*~tactically~*~*~ (cloud).
  4552 | D:6      | Found a staircase to the Ecumenical Temple.
  4553 | D:6      | 4553 ||| PLANNING TEMPLE
  4562 | Temple   | Entered the Ecumenical Temple
  4563 | Temple   | 4563 ||| PLANNING D:1-11
  4563 | Temple   | 4563 ||| UPGRADING to +4 ring of protection.
  4709 | D:6      | 4709 ||| FLEEEEING.
  4714 | D:6      | 4714 ||| FLEEEEING.
  4715 | D:6      | 4715 ||| FLEEEEING.
  4717 | D:6      | 4717 ||| FLEEEEING.
  4719 | D:6      | 4719 ||| FLEEEEING.
  4720 | D:6      | 4720 ||| FLEEEEING.
  4721 | D:6      | 4721 ||| FLEEEEING.
  4723 | D:6      | 4723 ||| FLEEEEING.
  4724 | D:6      | 4724 ||| FLEEEEING.
  4726 | D:6      | 4726 ||| FLEEEEING.
  4727 | D:6      | 4727 ||| FLEEEEING.
  4729 | D:6      | 4729 ||| FLEEEEING.
  4730 | D:6      | 4730 ||| FLEEEEING.
  4731 | D:6      | 4731 ||| FLEEEEING.
  4732 | D:6      | 4732 ||| STAIRDANCE
  5009 | D:6      | Noticed a two-headed ogre
  5010 | D:6      | 5010 ||| ZAPPING wand of acid (11) at -5,-5 (two-headed
                  | ogre; shallow_water).
  5011 | D:6      | 5011 ||| RETREEEEATING.
  5012 | D:6      | 5012 ||| RETREEEEATING.
  5013 | D:6      | 5013 ||| FLEEEEING.
  5015 | D:6      | HP: 4/45 [steam dragon/ball of steam (10)]
  5017 | D:6      | Engulfed by a cloud of steam

Levels and vault maps discovered:
D:1:      zelgadis_glass_arrival_small, layout_basic
D:2:      layout_rooms
D:3:      layout_basic
D:4:      layout_basic, palyth_temple_overflow_mages,
          chequers_temple_overflow_statue_of_worship, slow_altar_1,
          mainiacjoe_overflow_six_doors_small, nicolae_custom_books,
          kennysheep_small_square, uniq_sigmund
D:5:      layout_loops_cross, grunt_gozag_statues, ebering_ghost_sewer_f,
          minivault_23, uniq_prince_ribbit1, uniq_edmund, uniq_eustachio
D:6:      layout_loops_cross, minmay_temple_entry_statues_fountains,
          serial_bayou, serial_bayou_ford_a, serial_bayou_crossing,
          serial_bayou_pond_b, serial_bayou_pond_a, minmay_hedge_maze
Temple:   hellmonk_temple_of_storms

Skill      XL: |  1  2  3  4  5  6  7  8  9 |
---------------+----------------------------+-----
Dodging        | 3 4 5 6 7 9 10 | 10.5
Ranged Weapons | 5 6 8 10 | 10.0
Fighting       | 2 3 4 |  4.0
Stealth        | |  1.5

Action                     |  1- 3 |  4- 6 |  7- 9 || total
---------------------------+-------+-------+-------++-------
   Fire: Shortbow          |    91 |   129 |   326 ||   546
  Evoke: Wand              |       |       |     1 ||     1
    Use: Scroll            |     6 |     5 |     5 ||    16
         Potion            |     2 |       |     1 ||     3
 Armour: Robe              |     9 |    27 |    61 ||    97
  Dodge: Dodged            |    20 |    64 |   176 ||   260

Table legend:
 A = Non-vault XP
 B = Vault XP
 C = Vault XP percentage of total XP
 D = Non-vault monster count
 E = Vault monster count
 F = Vault count percentage of total count
                 A         B        C        D         E       F
            +---------+---------+-------+---------+---------+-------
      Total |    2409 |    1527 |  38.8 |      92 |      21 |  18.6
            +---------+---------+-------+---------+---------+-------
        D:1 |      18 |       0 |   0.0 |      11 |       0 |   0.0
        D:2 |      73 |       0 |   0.0 |      14 |       0 |   0.0
        D:3 |      47 |       0 |   0.0 |      16 |       0 |   0.0
        D:4 |     250 |     558 |  69.1 |      10 |      12 |  54.5
        D:5 |    1012 |     629 |  38.3 |      22 |       3 |  12.0
        D:6 |    1009 |     340 |  25.2 |      19 |       6 |  24.0
            +---------+---------+-------+---------+---------+-------
